 Dungeon Crawl Stone Soup version 0.24-a0-725-gf1a930fc54 (webtiles) character file.

Game seed: 2152375965760895998, levelgen mode: deterministic

59 Bikalo the Shooter (level 3, -7/30 HPs)
             Began as a Centaur Hunter on Oct 1, 2019.
             Mangled by Grinder (10 damage)
             ... on level 3 of the Dungeon.
             The game lasted 00:03:03 (1318 turns).

Bikalo the Shooter (Centaur Hunter)                 Turns: 1318, Time: 00:03:04

Health: -7/30      AC:  5    Str: 14    XL:     3   Next: 78%
Magic:  3/3        EV:  8    Int: 10    God:
Gold:   118        SH:  2    Dex:  8    Spells: 2/2 levels left

rFire    . . .     SeeInvis +   b - +0 short sword
rCold    . . .     Gourm    .   s - +0 buckler
rNeg     . . .     Faith    .   c - +0 leather armour
rPois    .         Spirit   .   m - +0 helmet (curse)
rElec    .         Reflect  .   (no cloak)
rCorr    .         Harm     .   (no gloves)
MR       .....                  (no barding)
Stlth    +.........             (no amulet)
HPRegen  0.10/turn              q - ring of see invisible
MPRegen  0.08/turn              t - -2 ring of dexterity (curse)

@: very quick
A: large, hooves 3, deformed body, speed 2, tough skin 3
a: no special abilities


You were on level 3 of the Dungeon.
You were not hungry.

You visited 1 branch of the dungeon, and saw 3 of its levels.

You collected 118 gold pieces.

Inventory:

Hand Weapons
 a - a +2 shortbow
 b - a +0 short sword (weapon)
 k - a +0 dagger
Missiles
 d - 45 arrows
Armour
 c - a +0 leather armour (worn)
 m - a cursed +0 helmet (worn)
 s - a +0 buckler (worn)
Jewellery
 e - an uncursed ring of ice
 q - a ring of see invisible (left hand)
 t - a cursed -2 ring of dexterity (right hand)
Wands
 u - a wand of random effects (22)
Scrolls
 g - a scroll of noise {unknown}
 j - 3 scrolls of identify
 o - a scroll of fear
 r - a scroll of fog
 w - a scroll of magic mapping {unknown}
Potions
 h - a potion of mutation
 i - a potion of resistance
 n - a potion of heal wounds {unknown}
 p - a potion of lignification {unknown}
 v - a potion of degeneration {unknown}
Comestibles
 f - 2 rations
 x - 4 chunks of flesh


   Skills:
 + Level 2.4 Fighting
 + Level 0.4 Short Blades
 * Level 6.1 Bows
 + Level 1.8 Dodging
 + Level 1.0 Stealth


You had 2 spell levels left.
You didn't know any spells.
Your spell library was empty.

Dungeon Overview and Level Annotations

Branches:
Dungeon (3/15)

Altars:
Kikubaaqudgha
Trog

Annotations:
D:3 Grinder


Innate Abilities, Weirdness & Mutations

You have hooves in place of feet.
Armour fits poorly on your strangely shaped body.
You cover ground very quickly.
You have extremely tough skin. (AC +3)


Message History

No target in view!
Grinder comes into view.
Grinder shouts!
You hear an angry hiss.
Grinder blinks!
An adder comes into view.
You closely miss Grinder.
The adder hisses angrily.
Grinder hits you!
You writhe in agony.
* * * LOW HITPOINT WARNING * * *
It was a potion of resistance.
You feel protected.
Grinder says, "Tell me all your secrets, or I'll kill you."
Grinder hits you.
* * * LOW HITPOINT WARNING * * *
It was a potion of cancellation.
Your magical effects are unravelling.
You feel magically purged.
Your resistance to elements expires.
Grinder hits you!
You die...

# ####.#.##.# #
..#....#)#..#.#
.<....†..##.#.#
...............
........###.###
..#...........#
# #########.#.#
#.#.# #.#@#
#.#5# #.#.#
#.#S# #.#!#
#.#.# ... #.#


You could see Grinder and an adder.

Vanquished Creatures
  A gnoll (D:1)
  A worm (D:3)
  3 dart slugs
  A leopard gecko (D:1)
  A ball python (D:2)
  5 bats
  3 giant cockroaches (D:1)
  6 goblins
  5 hobgoblins
  3 kobolds
  3 frilled lizards
  7 rats
39 creatures vanquished.

Notes
Turn   | Place    | Note
-------+----------+-------------------------------------------
     0 | D:1      | Bikalo the Centaur Hunter began the quest for the Orb.
     0 | D:1      | Reached XP level 1. HP: 17/17 MP: 1/1
    20 | D:1      | Reached XP level 2. HP: 24/24 MP: 2/2
   496 | D:1      | Reached XP level 3. HP: 30/30 MP: 3/3
   684 | D:2      | Reached skill level 1 in Stealth
   918 | D:2      | Reached skill level 6 in Bows
  1235 | D:2      | Found a bloodstained altar of Trog.
  1235 | D:2      | Found an ancient bone altar of Kikubaaqudgha.
  1314 | D:3      | Noticed Grinder
  1318 | D:3      | Mangled by Grinder

Levels and vault maps discovered:
D:1:      lightli_arrival_noodles, layout_rooms
D:2:      layout_loops_ring, gammafunk_temple_overflow_wave
D:3:      layout_basic, first_ration, guppyfry_early_lair_pool, uniq_grinder,
          uniq_robin, uniq_terence

Skill      XL: |  1  2  3 |
---------------+----------+-----
Stealth        | 1 |  1.0
Bows           | 6 |  6.1
Fighting       | |  2.4
Short Blades   | |  0.4
Dodging        | |  1.8

Action                   || total
-------------------------++-------
Melee: Short sword       ||    91
       Kick              ||    12
 Fire: Shortbow          ||    18
  Use: Scroll            ||     5
       Potion            ||     2
Armor: Leather armour    ||    43
Dodge: Dodged            ||    38
Block: Buckler           ||     8

Table legend:
 A = Non-vault XP
 B = Vault XP
 C = Vault XP percentage of total XP
 D = Non-vault monster count
 E = Vault monster count
 F = Vault count percentage of total count
                 A         B        C        D         E       F
            +---------+---------+-------+---------+---------+-------
      Total |      85 |       0 |   0.0 |      39 |       0 |   0.0
            +---------+---------+-------+---------+---------+-------
        D:1 |      45 |       0 |   0.0 |      18 |       0 |   0.0
        D:2 |      25 |       0 |   0.0 |      15 |       0 |   0.0
        D:3 |      15 |       0 |   0.0 |       6 |       0 |   0.0
            +---------+---------+-------+---------+---------+-------
